 Dungeon Crawl Stone Soup version 0.30-a0-723-gc1506a1cf0 (webtiles) character file.

Game seed: 7106617627226273903

590 teh the Ducker (level 7, -1/53 HPs)
             Began as a Gnoll Wanderer on Jan 28, 2023.
             Slain by a centaur (3 damage)
             ... on level 4 of the Dungeon.
             The game lasted 00:04:34 (3182 turns).

teh the Ducker (Gnoll Wanderer)                     Turns: 3182, Time: 00:04:35

Health: -1/53      AC:  5    Str: 12    XL:     7   Next: 39%
Magic:  11/11      EV: 15    Int:  9    God:
Gold:   203        SH:  0    Dex: 15    Spells: 11/11 levels left

rFire   . . .      SeeInvis .    p - +2 whip (venom)
rCold   . . .      Faith    .    (no shield)
rNeg    . . .      Spirit   .    c - +0 leather armour
rPois   .          Reflect  .    (no helmet)
rElec   .          Harm     .    (no cloak)
rCorr   .          Rampage  .    l - +0 pair of gloves
Will    .....                    h - +0 pair of boots
Stlth   ++                       (no amulet)
HPRegen 0.28/turn                (no ring)
MPRegen 0.12/turn                (no ring)

@: brilliant, flying, invisible
A: fangs 1, strong nose, distributed training, hooves 1, inability to drink
after injury 1
a: no special abilities


You were on level 4 of the Dungeon.
You visited 1 branch of the dungeon, and saw 4 of its levels.

You collected 203 gold pieces.

Inventory:

Hand Weapons
 a - a +0 hand axe
 m - a +3 dagger of venom
 p - a +2 whip of venom (weapon)
Missiles
 b - a throwing net (quivered)
Armour
 c - a +0 leather armour (worn)
 h - a +0 pair of boots (worn)
 l - a +0 pair of gloves (worn)
Magical Staves
 r - a staff of air
Jewellery
 i - a ring of ice
Scrolls
 e - 2 scrolls of identify
 g - 2 scrolls of teleportation
 j - a scroll of poison
 n - 2 scrolls of amnesia
Potions
 d - 3 potions of attraction
 k - a potion of brilliance
 o - 2 potions of magic
 q - a potion of haste


   Skills:
 + Level 3.7 Fighting
 + Level 2.5 Short Blades
 + Level 2.5 Long Blades
 + Level 5.3 Axes
 + Level 2.5 Maces & Flails
 + Level 2.5 Polearms
 + Level 2.5 Staves
 + Level 2.5 Ranged Weapons
 + Level 2.5 Throwing
 + Level 3.7 Armour
 + Level 7.1 Dodging
 + Level 3.5 Stealth
 + Level 2.5 Shields
 + Level 2.5 Unarmed Combat
 + Level 2.5 Spellcasting
 + Level 2.1 Conjurations
 + Level 2.1 Hexes
 + Level 2.1 Summonings
 + Level 2.1 Necromancy
 + Level 2.1 Translocations
 + Level 2.1 Transmutations
 + Level 2.1 Fire Magic
 + Level 2.1 Ice Magic
 + Level 2.1 Air Magic
 + Level 2.1 Earth Magic
 + Level 2.1 Poison Magic
 + Level 5.4 Invocations
 + Level 2.5 Evocations


You had 11 spell levels left.
You didn't know any spells.
Your spell library contained the following spells:

 Spells                   Type           Power      Damage    Failure   Level
 Magic Dart               Conj           28%        1d4       17%         1
 Shock                    Conj/Air       28%        1d4       17%         1
 Searing Ray              Conj           14%        2d5       26%         2
 Swiftness                Air            7%         N/A       45%         3
 Airstrike                Air            3%         2d(1-17)  86%         4
 Fulminant Prism          Conj/Hex       3%         3d5       86%         4


Dungeon Overview and Level Annotations

Branches:
Dungeon (4/15)
 Temple: D:4-7

Altars:

Shops:
D:1 [


Innate Abilities, Weirdness & Mutations

You have very sharp teeth.
Your uncanny sense of smell can sniff out nearby items.
Your experience applies equally to all skills.
You have large cloven feet.
You occasionally lose the ability to drink potions when taking damage.


Message History

The worm closely misses you.
It was a potion of invisibility.
You fade into invisibility!
The centaur misses you. The centaur closely misses you.
The centaur barely misses you.
The centaur kicks you but does no damage.
It was a potion of brilliance.
You feel clever all of a sudden.
The centaur hits you but does no damage.
The centaur misses you. The worm closely misses you.
Throw: 4 throwing nets
Press: ? - help, Q - select action Shift-Dir - straight line, f - centaur
Aim: a centaur (moderately wounded, unable to see you, poisoned, 71% to hit)
You throw a throwing net. The throwing net hits the centaur.
The centaur is caught in the net!
The centaur is moderately wounded.
The centaur struggles against the net. x2
Throw: 3 throwing nets
Press: ? - help, Q - select action Shift-Dir - straight line, f - worm, p - centaur
Aim: a worm (unable to see you, 79% to hit)
You throw a throwing net. The throwing net hits the worm.
The worm is caught in the net!
The centaur struggles against the net.
The worm struggles against the net.
You hit the centaur but do no damage.
The centaur looks even sicker.
The centaur is moderately wounded.
The centaur struggles against the net.
The net rips apart, and the centaur comes free!
You strike the helpless centaur from behind!
You hit the centaur but do no damage.
The centaur looks as sick as possible!
The centaur is heavily wounded.
The centaur hits you.
* * * LOW HITPOINT WARNING * * *
The centaur kicks you but does no damage.
The worm struggles against the net.
The centaur misses you. x2
Throw: 2 throwing nets
Press: ? - help, Q - select action Shift-Dir - straight line, f/p - worm
Aim: a worm (entangled in a net, 93% to hit)
You throw a throwing net. The throwing net hits the worm.
The centaur hits you.
You die...

........####.....####.....#...#..
........#∆ ...# ∆#.#...##..#..
....##..# #.# #.#...#......
..#.#.#.## #.# ##............
.........## +#.#+ ##.............
..........###...###...........(..
..............8........#.#)......
..........###...###...#####..)...
..##^.#..# +#.#@.##..# #......
..##....# #.#wc.##.# ##.####
.....##.# ##.##...#.# ###...###
......#.#∆ ##...##.$#.###........
...##...####.....####.#....#.....
.#####..................##.#####.
## #..........#######..##..# ##.
###...##...........#.....##..
#####...####.........##.....>...


You could see a centaur (unable to see you, extremely poisoned) and a worm
(wandering, caught).

Vanquished Creatures
  A black bear (D:3)
  A sky beast (D:4)
  An ogre (D:4)
  A phantom (D:3)
  A scorpion (D:3)
  A hound (D:4)
  8 adders
  An ufetubus (D:3)
  2 worms (D:3)
  2 dart slugs
  5 orcs
  6 endoplasms
  3 giant cockroaches
  6 goblins
  4 hobgoblins
  5 jackals
  4 quokkas
  6 ball pythons
  4 bats
  7 frilled lizards
  9 kobolds
  9 rats
87 creatures vanquished.

Notes
Turn   | Place    | Note
-------+----------+-------------------------------------------
     0 | D:1      | teh the Gnoll Wanderer began the quest for the Orb.
     0 | D:1      | teh set off with the following items: a +0 hand axe, 4
                  | throwing nets, a +0 leather armour, a potion of attraction,
                  | a scroll of teleportation.
     0 | D:1      | Reached XP level 1. HP: 17/17 MP: 3/3
   100 | D:1      | Found Vydghon's Armour Boutique.
   306 | D:1      | Reached XP level 2. HP: 23/23 MP: 5/5
   623 | D:1      | Found a faded altar of an unknown god.
   815 | D:2      | Reached XP level 3. HP: 28/28 MP: 6/6
   949 | D:2      | Reached skill level 1 in Short Blades
   949 | D:2      | Reached skill level 1 in Long Blades
   949 | D:2      | Reached skill level 1 in Maces & Flails
   949 | D:2      | Reached skill level 1 in Polearms
   949 | D:2      | Reached skill level 1 in Staves
   949 | D:2      | Reached skill level 1 in Ranged Weapons
   949 | D:2      | Reached skill level 1 in Throwing
   949 | D:2      | Reached skill level 1 in Shields
   949 | D:2      | Reached skill level 1 in Unarmed Combat
   949 | D:2      | Reached skill level 1 in Spellcasting
   949 | D:2      | Reached skill level 1 in Evocations
  1101 | D:2      | Reached XP level 4. HP: 34/34 MP: 7/7
  1311 | D:3      | Noticed a black bear
  1318 | D:3      | Killed a black bear
  1319 | D:3      | Reached skill level 1 in Conjurations
  1319 | D:3      | Reached skill level 1 in Hexes
  1319 | D:3      | Reached skill level 1 in Summonings
  1319 | D:3      | Reached skill level 1 in Necromancy
  1319 | D:3      | Reached skill level 1 in Translocations
  1319 | D:3      | Reached skill level 1 in Transmutations
  1319 | D:3      | Reached skill level 1 in Fire Magic
  1319 | D:3      | Reached skill level 1 in Ice Magic
  1319 | D:3      | Reached skill level 1 in Air Magic
  1319 | D:3      | Reached skill level 1 in Earth Magic
  1319 | D:3      | Reached skill level 1 in Poison Magic
  1319 | D:3      | Reached XP level 5. HP: 39/41 MP: 8/8
  1354 | D:3      | Noticed a phantom
  1794 | D:3      | Gained mutation: You are frail. (-10% HP) [potion of
                  | mutation]
  1794 | D:3      | Gained mutation: You possess an exceptional clarity of
                  | mind. [potion of mutation]
  1804 | D:3      | Killed a phantom
  1805 | D:3      | Reached skill level 5 in Axes
  1805 | D:3      | Reached skill level 5 in Invocations
  1805 | D:3      | Reached XP level 6. HP: 18/42 MP: 9/9
  2094 | D:3      | Lost mutation: You possess an exceptional clarity of mind.
                  | [potion of mutation]
  2094 | D:3      | Lost mutation: You are frail. (-10% HP) [potion of
                  | mutation]
  2094 | D:3      | Gained mutation: You occasionally lose the ability to drink
                  | potions when taking damage. [potion of mutation]
  2094 | D:3      | Gained mutation: You have large cloven feet. [potion of
                  | mutation]
  2696 | D:4      | Noticed a sky beast
  2709 | D:4      | Killed a sky beast
  2710 | D:4      | Reached skill level 7 in Dodging
  2710 | D:4      | Reached XP level 7. HP: 23/52 MP: 9/11
  3175 | D:4      | HP: 2/53 [centaur (1)]
  3181 | D:4      | HP: 2/53 [centaur (2)]
  3182 | D:4      | Slain by a centaur

Illustrated notes

Levels and vault maps discovered:
D:1:      dpeg_arrival_erosion, layout_loops_ring,
          shapermc_ecumenical_altar_notcrosses, serial_shops, shop
D:2:      layout_rooms, bh_walls_and_bars
D:3:      layout_rooms, minmay_joined_circles
D:4:      cheibrodos_barr_body, layout_cave_pools

Skill      XL: |  1  2  3  4  5  6 |
---------------+-------------------+-----
Short Blades   | 1 2 |  2.5
Long Blades    | 1 2 |  2.5
Maces & Flails | 1 2 |  2.5
Polearms       | 1 2 |  2.5
Staves         | 1 2 |  2.5
Ranged Weapons | 1 2 |  2.5
Throwing       | 1 2 |  2.5
Shields        | 1 2 |  2.5
Unarmed Combat | 1 2 |  2.5
Spellcasting   | 1 2 |  2.5
Evocations     | 1 2 |  2.5
Fighting       | 3 |  3.7
Armour         | 3 |  3.7
Conjurations   | 1 2 |  2.1
Hexes          | 1 2 |  2.1
Summonings     | 1 2 |  2.1
Necromancy     | 1 2 |  2.1
Translocations | 1 2 |  2.1
Transmutations | 1 2 |  2.1
Fire Magic     | 1 2 |  2.1
Ice Magic      | 1 2 |  2.1
Air Magic      | 1 2 |  2.1
Earth Magic    | 1 2 |  2.1
Poison Magic   | 1 2 |  2.1
Axes           | 5 |  5.3
Stealth        | 3 |  3.5
Invocations    | 5 |  5.4
Dodging        | 7 |  7.1

Action                     |  1- 3 |  4- 6 |  7- 9 || total
---------------------------+-------+-------+-------++-------
  Melee: Hand axe          |    36 |       |       ||    36
         Bite              |     7 |    26 |     2 ||    35
         Dagger            |    34 |   165 |       ||   199
         Punch             |     1 |     4 |       ||     5
         Whip              |       |    42 |    29 ||    71
  Throw: Throwing net      |       |       |     3 ||     3
  Evoke: Wand              |       |       |     2 ||     2
    Use: Scroll            |       |    10 |       ||    10
         Potion            |       |     4 |     3 ||     7
   Stab: Sleeping          |     9 |     5 |     2 ||    16
         Paralysed         |       |       |     2 ||     2
         Invisible         |       |       |     1 ||     1
 Armour: Leather armour    |    17 |    42 |    11 ||    70
  Dodge: Dodged            |    48 |   155 |    48 ||   251

Table legend: (Time is in decaauts)
 A = Elapsed time spent in this place.
 B = Non-inter-level travel time spent in this place.
 C = Inter-level travel time spent in this place.
 D = Time resting spent in this place.
 E = Time spent auto-exploring this place.
 F = Levels seen in this place.
 G = Mean time per level.
                   A        B        C        D        E       F      G
               +--------+--------+--------+--------+--------+-----+--------+
         Total |   3154 |   2944 |    210 |     79 |   2189 |   4 |  788.5 |
       Dungeon |   3154 |   2944 |    210 |     79 |   2189 |   4 |  788.5 |
               +--------+--------+--------+--------+--------+-----+--------+

Top non-repeatable levels by time:
     D:3: 1106 daAuts
     D:1: 811 daAuts
     D:4: 665 daAuts
     D:2: 571 daAuts
